 Dungeon Crawl Stone Soup version 0.28-a0-794-gafe8c5f9e9 (webtiles) character file.

Game seed: 9166396222351478732

17 avis the Insei (level 2, -4/18 HPs)
             Began as an Octopode Transmuter on Nov 5, 2021.
             Slain by Robin (5 damage)
             ... on level 2 of the Dungeon.
             The game lasted 00:03:40 (1438 turns).

avis the Insei (Octopode Transmuter)                Turns: 1438, Time: 00:03:40

Health: -4/18      AC:  1    Str:  9    XL:     2   Next: 62%
Magic:  5/5        EV: 13    Int: 15    God:
Gold:   66         SH:  0    Dex: 12    Spells: 4/5 levels left

rFire   . . .      SeeInvis .     - Unarmed
rCold   . . .      Faith    .   (no shield)
rNeg    . . .      Spirit   .   (helmet currently unavailable)
rPois   .          Reflect  .   (no amulet)
rElec   .          Harm     .   (no ring)
rCorr   .          Rampage  .   (no ring)
Will    .....                   (no ring)
Stlth   ++........              (no ring)
HPRegen 0.06/turn               (no ring)
MPRegen 0.09/turn               (no ring)
                                (no ring)
                                (no ring)

@: appendages (expiring)
A: tentacle spike 3, almost no armour, amphibious, 8 rings, camouflage 1,
gelatinous body 1, (nimble swimmer 1), tentacles
a: End Transformation


You were on level 2 of the Dungeon.
One of your tentacles had grown a beastly spike.
You visited 1 branch of the dungeon, and saw 2 of its levels.

You collected 66 gold pieces.

Inventory:

Hand Weapons
 f - a +0 lajatang
 g - a +0 vampiric dagger
Missiles
 d - 10 poisoned darts
Magical Staves
 e - a staff of death
Scrolls
 a - a scroll of magic mapping {unknown}
 b - a scroll of brand weapon {unknown}
 c - a scroll of identify {unknown}


   Skills:
 - Level 1.0 Fighting
 - Level 2.0 Dodging
 * Level 3.9 Unarmed Combat
 - Level 2.0 Spellcasting
 - Level 2.0 Transmutations


You had 4 spell levels left.
You knew the following spells:

 Your Spells              Type           Power      Damage    Failure   Level
a - Beastly Appendage     Tmut           14%        N/A       10%         1

Your spell library contained the following spells:

 Spells                   Type           Power      Damage    Failure   Level
 Wereblood                Tmut           7%         N/A       14%         2
 Spider Form              Tmut/Pois      4%         N/A       41%         3
 Call Canine Familiar     Summ           1%         N/A       54%         3
 Portal Projectile        Hex/Tloc       2%         N/A       54%         3
 Ice Form                 Ice/Tmut       4%         N/A       82%         4
 Leda's Liquefaction      Hex/Erth       0%         N/A       91%         4
 Iskenderun's Battlesphe  Conj           1%         2d6       99%         5
 Iron Shot                Conj/Erth      0%         9d1       100%        6
 Spellforged Servitor     Conj/Summ      0%         N/A       100%        7


Dungeon Overview and Level Annotations

Branches:
Dungeon (2/15)

Altars:

Annotations:
D:2 Robin


Innate Abilities, Weirdness & Mutations

One of your tentacles has grown a beastly spike.
You cannot wear most types of armour.
You are amphibious.
You can wear up to eight rings at the same time.
Your skin changes colour to match your surroundings (Stealth+).
Your rubbery body absorbs attacks. (AC +1, EV +1)
((You are camouflaged near water. (Stealth+)))
You have tentacles for arms and can constrict up to eight enemies at once.


Message History

One of your tentacles grows a vicious spike.
You climb downwards.
Level annotation: Robin Robin hits you from afar with a +0 spear.
There is a stone staircase leading up, spattered with blood here.
Robin throws the goblin at you! The goblin hits you with a +0 club.
Things that are here:
a +0 club; a goblin skeleton You tentacle-slap Robin.
Your grab misses Robin.
Robin is lightly wounded.
Robin misses you. The goblin hits you with a +0 club.
You closely miss Robin. You grab Robin.
You pierce Robin.
Robin is moderately wounded.
You constrict Robin, but do no damage. Robin throws the goblin at you!
The goblin completely misses you. The goblin hits you with a +0 club.
You tentacle-slap Robin but do no damage.
You squeeze Robin, but do no damage.
Robin is moderately wounded.
You constrict Robin.
Robin roars a battlecry!
The goblins go into a battle-frenzy!
You tentacle-slap Robin.
Robin is severely wounded.
You constrict Robin. The goblin barely misses you.
The goblin hits you with a +0 club.
Robin drinks a potion.
Robin is healed!
You tentacle-slap Robin but do no damage.
You constrict Robin. The goblin barely misses you.
The goblin closely misses you.
You tentacle-slap Robin.
You pierce Robin, but do no damage.
Your tentacle-slap misses Robin.
Robin is lightly wounded.
Your transformation is almost over.
You constrict Robin. Robin misses you. The goblin hits you with a +0 club.
* * * LOW HITPOINT WARNING * * *
The goblin hits you with a +0 club.
* * * LOW HITPOINT WARNING * * *
You tentacle-slap Robin. You squeeze Robin.
Robin is heavily wounded.
You constrict Robin, but do no damage. Robin hits you with a +0 spear.
You die...

##########
#g@g......
#g########
....
...#.##
###.#.# #
#.# #..
###


You could see Robin and 2 goblins.

Vanquished Creatures
  2 endoplasms (D:1)
  6 goblins
  2 hobgoblins (D:1)
  2 kobolds (D:1)
  A bat (D:1)
  2 frilled lizards (D:1)
15 creatures vanquished.

Notes
Turn   | Place    | Note
-------+----------+-------------------------------------------
     0 | D:1      | avis the Octopode Transmuter began the quest for the Orb.
     0 | D:1      | Reached XP level 1. HP: 13/13 MP: 3/3
   377 | D:1      | Reached XP level 2. HP: 13/18 MP: 3/5
  1104 | D:2      | Noticed Robin
  1438 | D:2      | Slain by Robin

Illustrated notes

Levels and vault maps discovered:
D:1:      dpeg_arrival_shrine, layout_basic, nrook_campfire, nrook_mini_vaults,
          minmay_3d_cube
D:2:      layout_loops_ring, uniq_robin, uniq_terence

Action                   || total
-------------------------++-------
Melee: Unarmed           ||    41
       Constrict         ||     9
       Kick              ||    13
       Tentacles         ||     5
       Punch             ||     1
 Cast: Beastly Appendage ||    17
 Stab: Sleeping          ||     1
Armor: Skin              ||     2
Dodge: Dodged            ||    21

Table legend: (Time is in decaauts)
 A = Elapsed time spent in this place.
 B = Non-inter-level travel time spent in this place.
 C = Inter-level travel time spent in this place.
 D = Time resting spent in this place.
 E = Time spent auto-exploring this place.
 F = Levels seen in this place.
 G = Mean time per level.
                   A        B        C        D        E       F      G
               +--------+--------+--------+--------+--------+-----+--------+
         Total |   1438 |   1332 |    106 |    465 |    596 |   2 |  719.0 |
       Dungeon |   1438 |   1332 |    106 |    465 |    596 |   2 |  719.0 |
               +--------+--------+--------+--------+--------+-----+--------+

Top non-repeatable levels by time:
     D:1: 1375 daAuts
     D:2: 62 daAuts
